 Dungeon Crawl Stone Soup version 0.24-a0-251-g44e327ef01 (webtiles) character file.

Game seed: 1485180022741626429

18 Redear the Charmwright (level 2, 0/13 HPs)
             Began as a Felid Skald on Apr 16, 2019.
             Killed from afar by a dart slug (5 damage)
             ... with a slug dart
             ... on level 1 of the Dungeon.
             The game lasted 00:01:00 (511 turns).

Redear the Charmwright (Felid Skald)                 Turns: 511, Time: 00:01:01

Health: 0/13       AC:  1    Str:  7    XL:     2   Next: 48%
Magic:  6/6        EV: 18    Int: 14    God:
Gold:   23         SH:  0    Dex: 15    Spells: 4/5 levels left
                                        Lives:  0   Deaths: 0

rFire    . . .     SeeInvis +     - Unarmed
rCold    . . .     Gourm    .   (shield unavailable)
rNeg     . . .     Faith    .   (armour unavailable)
rPois    .         Spirit   .   (helmet unavailable)
rElec    .         Reflect  .   (cloak unavailable)
rCorr    .         Harm     .   (gloves unavailable)
MR       .....                  (boots unavailable)
Stlth    ++........             (no amulet)
HPRegen  0.04/turn              (no ring)
MPRegen  0.10/turn              (no ring)

@: quick
A: very small, no armour, no weapons or thrown items, stealth, claws 1, fangs 3,
see invisible, carnivore, speed 1, shaggy fur 1, slow metabolism 1, sharp paws
a: no special abilities


You were on level 1 of the Dungeon.
You were very full.

You visited 1 branch of the dungeon, and saw 1 of its levels.

You collected 23 gold pieces.

Inventory:

Scrolls
 b - a scroll of identify {unknown}
Potions
 a - a potion of agility {unknown}
Comestibles
 z - a ration


   Skills:
 + Level 2.2 Fighting
 + Level 3.4 Dodging
 + Level 1.0 Stealth
 + Level 2.2 Unarmed Combat
 + Level 2.1 Spellcasting
 + Level 3.8 Charms


You had 4 spell levels left.
You knew the following spells:

 Your Spells              Type           Power        Failure   Level  Hunger
z - Infusion              Chrm           ##..         4%          1    #......

Your spell library contained the following spells:

 Spells                   Type           Power        Failure   Level  Hunger
 Song of Slaying          Chrm           ##......     7%          2    ###....
 Shroud of Golubria       Chrm/Tloc      #.........   16%         2    ###....
 Regeneration             Chrm/Necr      #.........   32%         3    ###....
 Spectral Weapon          Hex/Chrm       Unusable     N/A         3    N/A

Dungeon Overview and Level Annotations

Branches:
Dungeon (1/15)

Altars:


Innate Abilities, Weirdness & Mutations

You cannot wear armour.
You are incapable of wielding weapons or throwing items.
Your paws allow you to move quietly. (Stealth)
You have sharp claws.
You have razor-sharp teeth.
You have supernaturally acute eyesight. (SInv)
You are carnivorous and can eat meat at any time.
You cover ground quickly.
You are covered in fur. (AC +1)
You have a slow metabolism.
Your sharp claws are effective at attacking unaware monsters.


Message History

You are too injured to fight recklessly!
You are too injured to fight recklessly!
You are too injured to fight recklessly!
You are too injured to fight recklessly!
You are too injured to fight recklessly!
You are too injured to fight recklessly!
You are too injured to fight recklessly!
You are too injured to fight recklessly!
You are too injured to fight recklessly!
You are too injured to fight recklessly!
You are too injured to fight recklessly!
You are too injured to fight recklessly!
You are too injured to fight recklessly!
You are too injured to fight recklessly!
You are too injured to fight recklessly!
Unknown command.
Unknown command.
The dart slug launches a dart at you. The slug dart hits you.
You die...

#.....).......
#..................
##.....##.........# ....
#....(##.........# ...
###..............# .#..###
#............w... .. ......
#.#............ #.. #..#.
#.#..(......#######... #..#.
#.#.#......@...(..#...##....
#.#.#........####...........
#.#..........# #...........
#.###........####.........#.
##.###.......................
#.........†.................#
#...........................#
##...........##$....######.#.#
#............##.....######.#.#


You could see a dart slug.

Vanquished Creatures
  2 bats (D:1)
  A giant cockroach (D:1)
  6 hobgoblins (D:1)
  A frilled lizard (D:1)
  4 kobolds (D:1)
  A rat (D:1)
15 creatures vanquished.

Notes
Turn   | Place    | Note
-------+----------+-------------------------------------------
     0 | D:1      | Redear the Felid Skald began the quest for the Orb.
     0 | D:1      | Reached XP level 1. HP: 9/9 MP: 4/4
   262 | D:1      | Reached XP level 2. HP: 10/13 MP: 6/6
   438 | D:1      | Reached skill level 1 in Stealth
   511 | D:1      | Killed from afar by a dart slug

Levels and vault maps discovered:
D:1:      giann_wishing_wells, layout_basic, st_stairs_1

Skill      XL: |  1  2 |
---------------+-------+-----
Stealth        | 1 |  1.0
Fighting       | |  2.2
Dodging        | |  3.4
Unarmed Combat | |  2.2
Spellcasting   | |  2.1
Charms         | |  3.8

Action                   || total
-------------------------++-------
Melee: Unarmed           ||    47
       Bite              ||     2
 Cast: Infusion          ||     2
  Eat: Chunk             ||     5
Armor: Skin              ||     1
Dodge: Dodged            ||    45

Table legend:
 A = Non-vault XP
 B = Vault XP
 C = Vault XP percentage of total XP
 D = Non-vault monster count
 E = Vault monster count
 F = Vault count percentage of total count
                 A         B        C        D         E       F
            +---------+---------+-------+---------+---------+-------
      Total |      20 |       6 |  23.1 |      12 |       3 |  20.0
            +---------+---------+-------+---------+---------+-------
        D:1 |      20 |       6 |  23.1 |      12 |       3 |  20.0
            +---------+---------+-------+---------+---------+-------
